 Zot Defence DCSS version 0.15.2 (webtiles) character file.

7901 Kerapac the Thaumaturge (level 11, 17/53 (54) HPs)
             Began as a Deep Elf Summoner on Oct 2, 2019.
             Was the Champion of Sif Muna.
             Quit the game in the Realm of Zot (Scenario I: Hall of Zot).
             The game lasted 00:50:28 (1829 turns).

Kerapac the Thaumaturge (Deep Elf Summoner)         Turns: 1829, Time: 00:50:28

HP  17/53 (54)   AC  3     Str  5      XL: 11   Next:  2%
MP  12/32        EV 13     Int 23 (24) God: Sif Muna [******]
Gold 0           SH  0     Dex 15      Spells:  8 memorised,  7 levels left

rFire  . . .     SeeInvis .     n - +0 blowgun
rCold  . . .     Clarity  .     a - +0 robe
rNeg   . . .     rCorr    .     (no shield)
rPois  .         rRot     .     k - +1 hat {MR+}
rElec  .         Spirit   .     (no cloak)
SustAb .         Warding  .     (no gloves)
rMut   .         Stasis   .     (no boots)
Gourm  .                        (no amulet)
MR     ++...                    (no ring)
                                (no ring)

@: very resistant to hostile enchantments, unstealthy
A: no striking features
a: Make oklob sapling, Make arrow trap, Make plant, Remove Curse, Make burning
bush, Make altar, Make grenades, Make oklob plant, Make net trap, Make ice
statue, Make spear trap, Make alarm trap, Channel Energy, Forget Spell, Renounce
Religion


You were in the Realm of Zot.
You worshipped Sif Muna.
Sif Muna was exalted by your worship.
You were not hungry.

You visited 1 branch

Inventory:

Hand weapons
 e - a +0 dagger
 j - a -1 dagger
 n - a +0 blowgun (weapon)
Missiles
 m - 10 poisoned needles (quivered)
Armour
 a - a +0 robe (worn)
 k - a +1 hat of magic resistance (worn)
Comestibles
 d - a bread ration
Scrolls
 i - a scroll of blinking
Potions
 f - a potion of haste
 g - a potion of magic
 h - a potion of berserk rage
Books
 b - a book of Callings

   Spells                             Type                      Level
   *Summon Small Mammal               Summoning                    1
   *Call Imp                          Summoning                    2
   *Call Canine Familiar              Summoning                    3
   *Summon Guardian Golem             Hexes/Summoning              4
   *Summon Lightning Spire            Summoning/Air                4
   *Summon Ice Beast                  Ice/Summoning                4
 l - Sif Muna's Volume of Lethal Ice
   (Sif Muna gifted it to you in the Realm of Zot)

   Spells                             Type                      Level
   *Throw Frost                       Conjuration/Ice              2
   *Ensorcelled Hibernation           Hexes/Ice                    2
   Freezing Cloud                     Conjuration/Ice/Air          6
   Glaciate                           Conjuration/Ice              9


   Skills:
 + Level 2.9 Throwing
 - Level 2.8 Dodging
 - Level 2.4 Stealth
 - Level 9.9 Spellcasting
 * Level 4.6 Conjurations
 - Level 7.7 Hexes
 - Level 9.3 Summonings
 - Level 9.1 Ice Magic
 - Level 6.8 Air Magic


You had 7 spell levels left.
You knew the following spells:

 Your Spells              Type           Power        Failure   Level  Hunger
a - Summon Small Mammal   Summ           ####         1%          1    None
b - Call Canine Familiar  Summ           ######..     1%          3    None
c - Summon Ice Beast      Ice/Summ       ######..     1%          4    ##.....
d - Summon Lightning Spi  Summ/Air       #####...     1%          4    ##.....
e - Summon Guardian Gole  Hex/Summ       ######..     1%          4    ##.....
f - Call Imp              Summ           ######..     1%          2    None
g - Ensorcelled Hibernat  Hex/Ice        ######       1%          2    None
h - Throw Frost           Conj/Ice       #####.       1%          2    None


Dungeon Overview and Level Annotations

Branches:
    Zot (1/1)

Altars:
Sif Muna


Message History

Something hits your ice beast! Something bites your ice beast!
Something hits your ice statue!
Something bites your ice statue but does no damage.
Your oklob plant spits acid at the vampire.
The splash of acid hits the vampire.
The vampire writhes in agony as its flesh is eaten away!
Something hits your plant!
Something bites your plant but does no damage.
The vampire hits your ice beast!
Your ice beast dies!
Your oklob plant spits acid at the vampire.
The splash of acid hits the vampire.
The vampire writhes in agony as its flesh is eaten away!
Something hits you!
Deactivating autopickup; reactivate with Ctrl-A.
Something bites you.
Your oklob plant spits acid at the vampire.
The splash of acid hits something.
Something hits your plant. Something bites your plant!
Are you sure you want to abandon this character and quit the game? (Confirm with "yes".)

######### ######### ....####
####.... .......### ###.......
.........## ##.........
..........# ▓▓▓▓▓▓▓▓▓ #..........
..........▓▓▓PPPPP.P▓▓▓..........
..........▓▓....P..%.▓▓..........
.........^▓)..(PPP..)(▓^.........
..........^))..Y@P(())^%.........
..........▓(.)%.8.z.V)▓..........
..........▓▓...PP....▓▓..........
..........▓▓▓PPPPP.P▓▓▓..........
..........▓ ▓▓▓▓▓▓▓▓▓ ▓..........
.........▓▓ ▓▓.........
.......▓▓▓ ▓▓▓....... ....▓▓▓▓
▓▓▓▓.... ▓▓▓▓▓▓▓▓ ▓▓▓▓▓▓▓▓


You could see a vampire (bleeding), a wight, a friendly ice statue, 8 friendly
oklob plants, 4 friendly burning bushes, a friendly ice beast and 3 friendly
oklob saplings.

Vanquished Creatures
  A big kobold (Zot)
  An orange rat (Zot)
  A bat (Zot)
3 creatures vanquished.

Vanquished Creatures (collateral kills)
  Gastronok (Zot)
  A mana viper (Zot)
  Pikel (Zot)
  A spiny frog (Zot)
  A deep elf mage (Zot)
  Prince Ribbit (Zot)
  A blink frog (Zot)
  4 slime creatures (Zot)
  2 vampires (Zot)
  A vampire mosquito (Zot)
  3 steam dragons (Zot)
  A sky beast (Zot)
  3 orc warriors (Zot)
  17 giant frogs (Zot)
  Sigmund (Zot)
  A big kobold (Zot)
  5 centaurs (Zot)
  A troll zombie (Zot)
  A manticore simulacrum (Zot)
  2 wights (Zot)
  2 giant frog zombies (Zot)
  2 crimson imps (Zot)
  6 hounds (Zot)
  An elf zombie (Zot)
  A giant frog skeleton (Zot)
  4 iguanas (Zot)
  2 worker ants (Zot)
  A sheep (Zot)
  Ijyb (Zot)
  2 hound skeletons (Zot)
  2 gnolls (Zot)
  9 adders (Zot)
  6 green rats (Zot)
  A worker ant zombie (Zot)
  4 giant mites (Zot)
  A worm (Zot)
  An adder skeleton (Zot)
  An ooze (Zot)
  2 orcs (Zot)
  A bat skeleton (Zot)
  A gnoll zombie (Zot)
  4 hobgoblins (Zot)
  6 quokkas (Zot)
  5 ball pythons (Zot)
  11 bats (Zot)
  5 giant cockroaches (Zot)
  2 giant geckos (Zot)
  3 giant newts (Zot)
  2 giant spores (Zot)
  A gnoll skeleton (Zot)
  9 goblins (Zot)
  7 kobolds (Zot)
  An orc simulacrum (Zot)
  17 rats (Zot)
173 creatures vanquished.

Vanquished Creatures (others)
  A warg (Zot)
  6 wolves (Zot)
  A spiny frog skeleton (Zot)
  6 ice beasts (Zot)
  2 lightning spires (Zot)
  5 hounds (Zot)
  A giant mite (Zot)
  A shadow imp (Zot)
  An iguana zombie (Zot)
  A goblin (Zot)
  2 hobgoblins (Zot)
  3 kobolds (Zot)
  4 bats (Zot)
  2 giant newts (Zot)
  3 giant spores (Zot)
  A goblin skeleton (Zot)
  2 kobold zombies (Zot)
  3 quokkas (Zot)
  15 rats (Zot)
60 creatures vanquished.

Grand Total: 236 creatures vanquished

Notes
Turn   | Place    | Note
--------------------------------------------------------------
     0 | Zot      | Kerapac, the Deep Elf Summoner, began the quest for the Orb.
     0 | Zot      | Reached XP level 1. HP: 10/10 MP: 5/5
   213 | Zot      | Reached XP level 2. HP: 15/15 MP: 3/8
   323 | Zot      | Reached XP level 3. HP: 17/19 MP: 6/11
   329 | Zot      | Reached skill level 5 in Summonings
   341 | Zot      | Noticed Miott
   341 | Zot      | Learned a level 3 spell: Call Canine Familiar
   357 | Zot      | Killed Miott the big kobold
   357 | Zot      | Reached skill level 5 in Spellcasting
   357 | Zot      | Reached XP level 4. HP: 24/24 MP: 1/17
   404 | Zot      | Learned a level 4 spell: Summon Ice Beast
   499 | Zot      | Reached skill level 1 in Ice Magic
   499 | Zot      | Reached XP level 5. HP: 28/28 MP: 19/19
   537 | Zot      | Noticed Ijyb
   550 | Zot      | Killed Ijyb
   631 | Zot      | Reached XP level 6. HP: 31/31 MP: 21/21
   635 | Zot      | Became a worshipper of Sif Muna the Loreminder
   832 | Zot      | Reached skill level 5 in Ice Magic
   839 | Zot      | Learned a level 4 spell: Summon Lightning Spire
   926 | Zot      | Reached skill level 1 in Air Magic
   984 | Zot      | Reached XP level 7. HP: 35/35 MP: 22/22
  1005 | Zot      | Acquired Sif Muna's first power
  1041 | Zot      | Noticed Pikel
  1048 | Zot      | Killed Pikel
  1048 | Zot      | Acquired Sif Muna's second power
  1048 | Zot      | Reached skill level 6 in Air Magic
  1048 | Zot      | Reached XP level 8. HP: 40/40 MP: 9/24
  1119 | Zot      | Noticed a blink frog
  1129 | Zot      | Noticed a spiny frog
  1129 | Zot      | Killed a blink frog
  1129 | Zot      | Reached skill level 7 in Summonings
  1130 | Zot      | Noticed Prince Ribbit
  1132 | Zot      | Killed a spiny frog
  1132 | Zot      | Reached XP level 9. HP: 44/44 MP: 10/27
  1136 | Zot      | Killed Prince Ribbit
  1239 | Zot      | Acquired Sif Muna's third power
  1281 | Zot      | Noticed Gastronok
  1289 | Zot      | Killed Gastronok
  1289 | Zot      | Reached skill level 9 in Spellcasting
  1405 | Zot      | Reached XP level 10. HP: 49/49 MP: 20/31
  1440 | Zot      | Noticed Sigmund
  1442 | Zot      | Killed Sigmund
  1501 | Zot      | Learned a level 4 spell: Summon Guardian Golem
  1504 | Zot      | Learned a level 2 spell: Call Imp
  1524 | Zot      | Reached skill level 1 in Hexes
  1626 | Zot      | Received a gift from Sif Muna
  1626 | Zot      | Reached skill level 5 in Hexes
  1627 | Zot      | Identified Sif Muna's Volume of Lethal Ice (Sif Muna gifted it to you in the Realm of Zot)
  1631 | Zot      | Learned a level 2 spell: Ensorcelled Hibernation
  1633 | Zot      | Noticed Aruaclam
  1634 | Zot      | Learned a level 2 spell: Throw Frost
  1638 | Zot      | Killed Aruaclam the mana viper
  1641 | Zot      | Reached skill level 1 in Conjurations
  1696 | Zot      | Reached skill level 1 in Throwing
  1716 | Zot      | HP: 1/49 [something (27)]
  1820 | Zot      | Reached XP level 11. HP: 27/53 MP: 10/32
  1829 | Zot      | Quit the game

Action                   |  1- 3 |  4- 6 |  7- 9 | 10-12 || total
-------------------------+-------+-------+-------+-------++-------
Melee: Unarmed           |    10 |       |       |       ||    10
       Dagger            |     3 |    14 |     1 |       ||    18
 Cast: Summon Small Mamm |    19 |    18 |       |       ||    37
       Call Canine Famil |     2 |     5 |     5 |     7 ||    19
       Summon Ice Beast  |       |     6 |    13 |    20 ||    39
       Summon Lightning  |       |       |     2 |     6 ||     8
       Throw Frost       |       |       |       |     1 ||     1
 Abil: Make arrow trap   |     2 |     2 |       |       ||     4
       Make oklob saplin |       |     3 |       |       ||     3
       Make altar        |       |     1 |       |       ||     1
       Make net trap     |       |       |     6 |       ||     6
       Make oklob plant  |       |       |     4 |     4 ||     8
       Make plant        |       |       |       |     4 ||     4
       Make burning bush |       |       |       |     4 ||     4
       Make ice statue   |       |       |       |     1 ||     1
       Remove Curse      |       |       |       |     1 ||     1
  Use: Potion            |     1 |       |       |     4 ||     5
 Stab: Distracted        |     1 |     1 |       |       ||     2
